 Dungeon Crawl Stone Soup version 0.21.1-1-g345015f (webtiles) character file.

2216 tidbits the Insei (level 9, 41/67 HPs)
             Began as a Gnoll Transmuter on Mar 20, 2018.
             Quit the game on level 7 of the Dungeon.
             The game lasted 00:19:49 (2237 turns).

tidbits the Insei (Gnoll Transmuter)                Turns: 2237, Time: 00:19:50

Health: 41/67      AC:  4    Str: 12 (13) XL:     9   Next: 35%
Magic:  18/18      EV: 15    Int: 19      God:
Gold:   227        SH:  0    Dex: 14 (15) Spells: 6/21 levels left

rFire    . . .     SeeInvis .   f - +0 dagger
rCold    . . .     Gourm    .   (no shield)
rNeg     . . .     Faith    .   B - +0 robe
rPois    +         Spirit   .   (no helmet)
rElec    .         Reflect  .   C - +0 cloak
rCorr    +         Harm     .   (no gloves)
MR       .....                  F - +0 pair of boots {Fly}
Stlth    +++.......             (no amulet)
HPRegen  0.21/turn              P - ring of poison resistance
MPRegen  0.16/turn              K - ring of resist corrosion

@: flying
A: distributed training, fangs 1, strong nose
a: Stop Flying


You were on level 7 of the Dungeon.
You were not hungry.

You visited 1 branch of the dungeon, and saw 8 of its levels.

You collected 227 gold pieces.

Inventory:

Hand Weapons
 b - a +1 hand axe of venom
   (You found it on level 1 of the Dungeon)
 f - a +0 dagger (weapon)
 x - a +1 flail of protection
   (You took it off an orc warrior on level 6 of the Dungeon)
 E - a +0 shortbow
 G - a cursed -2 broad axe
Missiles
 a - 131 arrows
 j - 23 bolts
 m - 8 tomahawks (quivered)
 z - 3 javelins
Armour
 k - a +0 ring mail
 l - a +0 shield
 q - a +0 leather armour of cold resistance
   (You found it on level 2 of the Dungeon)
 s - a +1 scale mail of fire resistance
   (You took it off an orc on level 3 of the Dungeon)
 B - a +0 robe (worn)
 C - a +0 cloak (worn)
 F - a +0 pair of boots of flying (worn)
   (You found it on level 1 of the Dungeon)
Jewellery
 w - an uncursed ring of teleportation
   (You found it on level 7 of the Dungeon)
 K - a ring of resist corrosion (right hand)
   (You found it on level 7 of the Dungeon)
 P - a ring of poison resistance (left hand)
   (You found it on level 5 of the Dungeon)
Wands
 t - a wand of acid (8)
Scrolls
 h - a scroll of blinking
 i - 4 scrolls of fog
 n - 4 scrolls of teleportation
 o - a scroll of random uselessness
 p - 2 scrolls of enchant weapon
 r - a scroll of remove curse
Potions
 e - 3 potions of curing
 g - a potion of might
 u - a potion of ambrosia
 v - a potion of degeneration
 A - a potion of haste
 D - a potion of flight
Books
 d - a book of Changes

   Spells                             Type                      Level
   a - Beastly Appendage              Transmutation                1
   b - Sticks to Snakes               Transmutation                2
   c - Spider Form                    Transmutation/Poison         3
   d - Ice Form                       Ice/Transmutation            4
   e - Blade Hands                    Transmutation                5
 y - a book of Misfortune
   (You found it on level 6 of the Dungeon)

   Spells                             Type                      Level
   a - Confusing Touch                Hexes                        1
   b - Confuse                        Hexes                        3
   c - Gell's Gravitas                Translocation                3
   d - Petrify                        Transmutation/Earth          4
   e - Metabolic Englaciation         Hexes/Ice                    5
   f - Yara's Violent Unravelling     Hexes/Transmutation          5
 H - a book of Air
   (You found it on level 7 of the Dungeon)

   Spells                             Type                      Level
   a - Shock                          Conjuration/Air              1
   b - Swiftness                      Charms/Air                   2
   c - Static Discharge               Conjuration/Air              3
   d - Airstrike                      Air                          4
   e - Lightning Bolt                 Conjuration/Air              5
Comestibles
 c - 3 rations


   Skills:
 + Level 4.9 Fighting
 + Level 4.1 Short Blades
 + Level 4.1 Long Blades
 + Level 4.1 Axes
 + Level 4.1 Maces & Flails
 + Level 4.1 Polearms
 + Level 4.1 Staves
 + Level 4.1 Slings
 + Level 4.1 Bows
 + Level 4.1 Crossbows
 + Level 4.1 Throwing
 + Level 4.1 Armour
 + Level 6.2 Dodging
 + Level 4.1 Stealth
 + Level 4.1 Shields
 + Level 7.8 Unarmed Combat
 + Level 6.5 Spellcasting
 + Level 3.3 Conjurations
 + Level 3.3 Hexes
 + Level 3.3 Charms
 + Level 3.3 Summonings
 + Level 3.3 Necromancy
 + Level 3.3 Translocations
 + Level 5.1 Transmutations
 + Level 3.3 Fire Magic
 + Level 3.3 Ice Magic
 + Level 3.3 Air Magic
 + Level 3.3 Earth Magic
 + Level 3.3 Poison Magic
 + Level 4.5 Invocations
 + Level 4.1 Evocations


You had 6 spell levels left.
You knew the following spells:

 Your Spells              Type           Power        Failure   Level  Hunger
e - Beastly Appendage     Tmut           ####..       1%          1    None
h - Blade Hands           Tmut           ####......   34%         5    #####..
i - Ice Form              Ice/Tmut       ###.....     19%         4    ####...
k - Sticks to Snakes      Tmut           ####....     1%          2    None
p - Spider Form           Tmut/Pois      ###.......   5%          3    ##.....


Dungeon Overview and Level Annotations

Branches:
Dungeon (8/15)
 Temple: D:4-7         Lair: D:8-11

Altars:
Elyvilon
Hepliaklqana
Kikubaaqudgha
Nemelex Xobeh
Sif Muna
Trog
Vehumet
Xom


Innate Abilities, Weirdness & Mutations

Your experience applies equally to all skills.
You have very sharp teeth.
Your uncanny sense of smell can sniff out nearby items.


Message History

* * * LOW HITPOINT WARNING * * *
You closely miss the necrophage.
The necrophage is severely damaged.
You pummel the necrophage!!
You destroy the necrophage!
There is an open door here.
Things that are here:
a necrophage corpse; a leopard gecko corpse
There is a stone staircase leading down here.
You climb downwards.
A howler monkey skeleton comes into view.
Found a trident.
There is a stone staircase leading up here.
The helpless howler monkey skeleton fails to defend itself.
You hit the howler monkey skeleton.
The howler monkey skeleton is moderately damaged.
You pummel the howler monkey skeleton!!
You destroy the howler monkey skeleton!
You see here a trident.
A two-headed ogre comes into view.
It is wielding a dire flail and a giant club.
The two-headed ogre shouts in stereo!
An orc comes into view. It is wielding a flail.
There is a stone staircase leading up here.
You climb upwards.
There is a stone staircase leading down here.
Unknown command.
Evoke which item? (* to show all) (? for menu, Esc to quit)
Okay, then.
You open the door.
Your transformation is almost over.
There is an open door here.
You warm up again.
Your +0 dagger unmelds from your body.
Your +0 cloak unmelds from your body.
Your +0 pair of boots of flying unmelds from your body.
Your +0 robe unmelds from your body.
You fly up into the air.
A quokka comes into view.
The helpless quokka fails to defend itself.
You impale the quokka!!
You kill the quokka!
A hound comes into view.
The hound barks!
A hippogriff comes into view.
Casting: Ice Form
Confirm with . or Enter, or press ? or * to list all spells.
The spell is very dangerous to cast!
Continue anyway?
Your hands turn into razor-sharp scythe blades.
Your +0 dagger melds into your body.
The hippogriff screeches!
Unknown command.
The hound misses you.
You slice the hound!!
You kill the hound!
Your Short Blades skill increases to level 4!
Your Long Blades skill increases to level 4!
Your Axes skill increases to level 4!
Your Maces & Flails skill increases to level 4!
Your Polearms skill increases to level 4!
Your Staves skill increases to level 4!
Your Slings skill increases to level 4!
Your Bows skill increases to level 4!
Your Crossbows skill increases to level 4!
Your Throwing skill increases to level 4!
Your Armour skill increases to level 4!
Your Stealth skill increases to level 4!
Your Shields skill increases to level 4!
Your Evocations skill increases to level 4!
You see here a hound corpse.
Your magical contamination has completely faded away.
You slash the hippogriff!
The hippogriff is moderately wounded.
The hippogriff closely misses you. The hippogriff pecks you!
The hippogriff claws you but does no damage.
You slice the hippogriff!!
The hippogriff is severely wounded.
The hippogriff bites you but does no damage.
The hippogriff pecks you. The hippogriff barely misses you.
You slice the hippogriff!!
You kill the hippogriff!
You feel your intelligence returning.
Found a twisted jade ring.
Your transformation is almost over.
You see here a twisted jade ring.
w - a twisted jade ring Put on which piece of jewellery? (? for menu, Esc to quit)
You're wearing all the rings you can.
Remove which one? (? for menu, Esc to cancel) < or
P - a ring of poison resistance; > or
K - a ring of resist corrosion You remove your ring of resist corrosion.
You feel slightly jumpy.
Oops, that ring feels deathly cold.
w - a cursed ring of teleportation (right scythe-like blade)
As you read the scroll of remove curse, it crumbles to dust.
You feel as if something is helping you.
Put on which piece of jewellery? (? for menu, Esc to quit)
You're wearing all the rings you can.
Remove which one? (? for menu, Esc to cancel) < or
P - a ring of poison resistance; > or
w - a ring of teleportation You remove your ring of teleportation.
K - a ring of resist corrosion (right scythe-like blade)
Your hands revert to their normal proportions.
Your +0 dagger unmelds from your body.
Are you sure you want to abandon this character and quit the game? (Confirm with "yes".)

# ## # ## #.. ..## ### )# #.#
#... .. #.# #.# #..# ##### ##.##
#.# #..###.... #.# #.# #... ##
##.## #.# #..######. #.#
#######.# #......... .# ###
.......@#######.#######. .##.....
.#####..........# ## ........
..##.####.##### # ###.#### #.##.
##.## # ## .. ..... #... ## .##
## #.### ##.### # ##. ..##
####.#####..[####.# ##.. ...#
####.##.#..(..©......####...
....##.>.......#########....#....


There were no monsters in sight!

Vanquished Creatures
  Grinder (D:4)
  A hippogriff (D:7)
  A vampire mosquito (D:7)
  An ice beast (D:6)
  An orc warrior (D:6)
  A necrophage (D:7)
  4 ogres
  2 centaurs (D:7)
  2 big kobolds (D:7)
  2 bullfrogs
  2 crimson imps (D:7)
  A bullfrog zombie (D:3)
  A hound (D:7)
  An orc priest (D:7)
  Jessica (D:2)
  Natasha (thrice) (D:2)
  4 worker ants
  An iguana (D:7)
  4 orc wizards
  A hound skeleton (D:5)
  A howler monkey skeleton (D:8)
  7 adders
  A shadow imp (D:6)
  2 oozes
  An adder skeleton (D:5)
  A worm (D:2)
  A dart slug (D:3)
  6 leopard geckos
  14 orcs
  2 giant cockroaches
  A goblin (D:1)
  6 hobgoblins
  10 jackals
  A quokka (D:7)
  5 bats (D:2)
  2 frilled lizards
  8 kobolds
  A leopard gecko skeleton (D:7)
  2 quokka skeletons
  4 rats (D:1)
111 creatures vanquished.

Vanquished Creatures (collateral kills)
  A scorpion (D:4)
1 creature vanquished.

Vanquished Creatures (others)
  An orc warrior (D:8)
  A human (D:5)
  A big kobold (D:8)
  2 bullfrogs (D:8)
  A hound (D:8)
  A centaur skeleton (D:6)
  An adder (D:8)
  3 jackals (D:6)
  A jackal skeleton (D:8)
  2 plants (D:3)
14 creatures vanquished.

Grand Total: 126 creatures vanquished

Notes
Turn   | Place    | Note
-------+----------+-------------------------------------------
     0 | D:1      | tidbits the Gnoll Transmuter began the quest for the Orb.
     0 | D:1      | Reached XP level 1. HP: 17/17 MP: 6/6
    96 | D:1      | Reached XP level 2. HP: 18/23 MP: 5/7
   100 | D:1      | Learned a level 2 spell: Sticks to Snakes
   312 | D:2      | Noticed Natasha
   322 | D:2      | Noticed a crimson imp
   322 | D:2      | Killed Natasha
   322 | D:2      | Reached skill level 5 in Spellcasting
   322 | D:2      | Reached skill level 1 in Invocations
   322 | D:2      | Reached XP level 3. HP: 5/28 MP: 5/9
   327 | D:2      | Learned a level 3 spell: Spider Form
   417 | D:2      | Noticed Natasha
   424 | D:2      | Noticed Jessica
   427 | D:2      | Killed Natasha
   427 | D:2      | Reached skill level 1 in Short Blades
   427 | D:2      | Reached skill level 1 in Long Blades
   427 | D:2      | Reached skill level 1 in Axes
   427 | D:2      | Reached skill level 1 in Maces & Flails
   427 | D:2      | Reached skill level 1 in Polearms
   427 | D:2      | Reached skill level 1 in Staves
   427 | D:2      | Reached skill level 1 in Slings
   427 | D:2      | Reached skill level 1 in Bows
   427 | D:2      | Reached skill level 1 in Crossbows
   427 | D:2      | Reached skill level 1 in Throwing
   427 | D:2      | Reached skill level 1 in Armour
   427 | D:2      | Reached skill level 1 in Stealth
   427 | D:2      | Reached skill level 1 in Shields
   427 | D:2      | Reached skill level 1 in Evocations
   427 | D:2      | Reached XP level 4. HP: 34/34 MP: 3/11
   431 | D:2      | Killed Jessica
   431 | D:2      | Reached skill level 1 in Conjurations
   431 | D:2      | Reached skill level 1 in Hexes
   431 | D:2      | Reached skill level 1 in Charms
   431 | D:2      | Reached skill level 1 in Summonings
   431 | D:2      | Reached skill level 1 in Necromancy
   431 | D:2      | Reached skill level 1 in Translocations
   431 | D:2      | Reached skill level 1 in Fire Magic
   431 | D:2      | Reached skill level 1 in Ice Magic
   431 | D:2      | Reached skill level 1 in Air Magic
   431 | D:2      | Reached skill level 1 in Earth Magic
   431 | D:2      | Reached skill level 1 in Poison Magic
   447 | D:2      | Noticed Natasha
   452 | D:2      | Killed Natasha
   452 | D:2      | Reached XP level 5. HP: 29/40 MP: 1/12
   613 | D:3      | Reached skill level 3 in Fighting
   641 | D:3      | Reached skill level 4 in Transmutations
   653 | D:3      | Found a bloodstained altar of Trog.
   715 | D:4      | Noticed Grinder
   725 | D:3      | Learned a level 4 spell: Ice Form
   729 | D:4      | Paralysed by Grinder for 7 turns
   740 | D:4      | Killed Grinder
   740 | D:4      | Reached skill level 2 in Short Blades
   740 | D:4      | Reached skill level 2 in Long Blades
   740 | D:4      | Reached skill level 2 in Axes
   740 | D:4      | Reached skill level 2 in Maces & Flails
   740 | D:4      | Reached skill level 2 in Polearms
   740 | D:4      | Reached skill level 2 in Staves
   740 | D:4      | Reached skill level 2 in Slings
   740 | D:4      | Reached skill level 2 in Bows
   740 | D:4      | Reached skill level 2 in Crossbows
   740 | D:4      | Reached skill level 2 in Throwing
   740 | D:4      | Reached skill level 2 in Armour
   740 | D:4      | Reached skill level 5 in Dodging
   740 | D:4      | Reached skill level 2 in Stealth
   740 | D:4      | Reached skill level 2 in Shields
   740 | D:4      | Reached skill level 2 in Invocations
   740 | D:4      | Reached skill level 2 in Evocations
   740 | D:4      | Reached XP level 6. HP: 28/47 MP: 4/14
   770 | D:5      | Entered Level 5 of the Dungeon
   812 | D:4      | Reached XP level 7. HP: 37/52 MP: 8/15
   863 | D:4      | Reached skill level 7 in Unarmed Combat
   872 | D:5      | Reached skill level 2 in Conjurations
   872 | D:5      | Reached skill level 2 in Hexes
   872 | D:5      | Reached skill level 2 in Charms
   872 | D:5      | Reached skill level 2 in Summonings
   872 | D:5      | Reached skill level 2 in Necromancy
   872 | D:5      | Reached skill level 2 in Translocations
   872 | D:5      | Reached skill level 2 in Fire Magic
   872 | D:5      | Reached skill level 2 in Ice Magic
   872 | D:5      | Reached skill level 2 in Air Magic
   872 | D:5      | Reached skill level 2 in Earth Magic
   872 | D:5      | Reached skill level 2 in Poison Magic
   885 | D:5      | Found a deep blue altar of Sif Muna.
   903 | D:5      | Found an ancient bone altar of Kikubaaqudgha.
   903 | D:5      | Noticed a human
   906 | D:5      | Killed a human
  1181 | D:5      | Found a white marble altar of Elyvilon.
  1181 | D:5      | Found a hazy altar of Hepliaklqana.
  1267 | D:5      | Reached skill level 3 in Invocations
  1306 | D:6      | Reached XP level 8. HP: 60/60 MP: 6/16
  1334 | D:6      | Reached skill level 4 in Fighting
  1334 | D:6      | Reached skill level 3 in Short Blades
  1334 | D:6      | Reached skill level 3 in Long Blades
  1334 | D:6      | Reached skill level 3 in Axes
  1334 | D:6      | Reached skill level 3 in Maces & Flails
  1334 | D:6      | Reached skill level 3 in Polearms
  1334 | D:6      | Reached skill level 3 in Staves
  1334 | D:6      | Reached skill level 3 in Slings
  1334 | D:6      | Reached skill level 3 in Bows
  1334 | D:6      | Reached skill level 3 in Crossbows
  1334 | D:6      | Reached skill level 3 in Throwing
  1334 | D:6      | Reached skill level 3 in Armour
  1334 | D:6      | Reached skill level 3 in Stealth
  1334 | D:6      | Reached skill level 3 in Shields
  1334 | D:6      | Reached skill level 3 in Evocations
  1587 | D:6      | Found a radiant altar of Vehumet.
  1631 | D:7      | Reached skill level 6 in Spellcasting
  1899 | D:7      | Reached skill level 3 in Conjurations
  1899 | D:7      | Reached skill level 3 in Hexes
  1899 | D:7      | Reached skill level 3 in Charms
  1899 | D:7      | Reached skill level 3 in Summonings
  1899 | D:7      | Reached skill level 3 in Necromancy
  1899 | D:7      | Reached skill level 3 in Translocations
  1899 | D:7      | Reached skill level 3 in Fire Magic
  1899 | D:7      | Reached skill level 3 in Ice Magic
  1899 | D:7      | Reached skill level 3 in Air Magic
  1899 | D:7      | Reached skill level 3 in Earth Magic
  1899 | D:7      | Reached skill level 3 in Poison Magic
  1899 | D:7      | Reached skill level 4 in Invocations
  1907 | D:7      | Reached skill level 6 in Dodging
  1907 | D:7      | Reached XP level 9. HP: 50/66 MP: 5/18
  1958 | D:7      | Learned a level 5 spell: Blade Hands
  2009 | D:8      | Found a shimmering altar of Xom.
  2021 | D:7      | Found a transporter.
  2022 | D:7      | Found a sparkling altar of Nemelex Xobeh.
  2026 | D:7      | Found a transporter.
  2045 | D:7      | Reached skill level 5 in Transmutations
  2133 | D:8      | Noticed a two-headed ogre
  2204 | D:7      | Reached skill level 4 in Short Blades
  2204 | D:7      | Reached skill level 4 in Long Blades
  2204 | D:7      | Reached skill level 4 in Axes
  2204 | D:7      | Reached skill level 4 in Maces & Flails
  2204 | D:7      | Reached skill level 4 in Polearms
  2204 | D:7      | Reached skill level 4 in Staves
  2204 | D:7      | Reached skill level 4 in Slings
  2204 | D:7      | Reached skill level 4 in Bows
  2204 | D:7      | Reached skill level 4 in Crossbows
  2204 | D:7      | Reached skill level 4 in Throwing
  2204 | D:7      | Reached skill level 4 in Armour
  2204 | D:7      | Reached skill level 4 in Stealth
  2204 | D:7      | Reached skill level 4 in Shields
  2204 | D:7      | Reached skill level 4 in Evocations
  2237 | D:7      | Quit the game

Skill      XL: |  1  2  3  4  5  6  7  8  9 |
---------------+----------------------------+-----
Spellcasting   | 5 6 |  6.5
Invocations    | 1 2 3 4 |  4.5
Short Blades   | 1 2 3 4 |  4.1
Long Blades    | 1 2 3 4 |  4.1
Axes           | 1 2 3 4 |  4.1
Maces & Flails | 1 2 3 4 |  4.1
Polearms       | 1 2 3 4 |  4.1
Staves         | 1 2 3 4 |  4.1
Slings         | 1 2 3 4 |  4.1
Bows           | 1 2 3 4 |  4.1
Crossbows      | 1 2 3 4 |  4.1
Throwing       | 1 2 3 4 |  4.1
Armour         | 1 2 3 4 |  4.1
Stealth        | 1 2 3 4 |  4.1
Shields        | 1 2 3 4 |  4.1
Evocations     | 1 2 3 4 |  4.1
Conjurations   | 1 2 3 |  3.3
Hexes          | 1 2 3 |  3.3
Charms         | 1 2 3 |  3.3
Summonings     | 1 2 3 |  3.3
Necromancy     | 1 2 3 |  3.3
Translocations | 1 2 3 |  3.3
Fire Magic     | 1 2 3 |  3.3
Ice Magic      | 1 2 3 |  3.3
Air Magic      | 1 2 3 |  3.3
Earth Magic    | 1 2 3 |  3.3
Poison Magic   | 1 2 3 |  3.3
Fighting       | 3 4 |  4.9
Transmutations | 4 5 |  5.1
Dodging        | 5 6 |  6.2
Unarmed Combat | 7 |  7.8

Action                   |  1- 3 |  4- 6 |  7- 9 || total
-------------------------+-------+-------+-------++-------
Melee: Unarmed           |    47 |    82 |   174 ||   303
       Kick              |     4 |       |       ||     4
       Bite              |     3 |     2 |     2 ||     7
       Punch             |     1 |       |       ||     1
       Headbutt          |     4 |     4 |       ||     8
       Dagger            |       |       |     2 ||     2
 Cast: Beastly Appendage |    10 |     3 |     1 ||    14
       Sticks to Snakes  |     1 |     5 |     4 ||    10
       Spider Form       |       |     7 |    16 ||    23
       Ice Form          |       |     1 |     5 ||     6
       Blade Hands       |       |       |     2 ||     2
 Abil: End Transformatio |       |       |     1 ||     1
  Use: Potion            |     2 |     1 |     4 ||     7
       Scroll            |       |     6 |     8 ||    14
 Stab: Sleeping          |       |     1 |     6 ||     7
  Eat: Chunk             |       |     1 |     6 ||     7
       Ration            |       |       |     1 ||     1
Armor: Robe              |     5 |     5 |     4 ||    14
       Skin              |       |     1 |    13 ||    14
Dodge: Dodged            |    20 |    64 |   112 ||   196

Table legend:
 A = Turns spent in this place as a percentage of turns spent in the entire game.
 B = Non-inter-level travel turns spent in this place as a percentage of non-inter-level travel turns spent in the entire game.
 C = Inter-level travel turns spent in this place as a percentage of turns spent in this place.
 D = Turns resting spent in this place as a percentage of non-inter-level travel turns spent in this place.
 E = Turns spent auto-exploring this place as a percentage of non-inter-level travel turns spent in this place.
 F = Non-inter-level travel turns spent in this place divided by the number of levels of this place that you've seen.
                   A       B       C       D       E      F
               +-------+-------+-------+-------+-------+----------------------
         Total | 100.0 | 100.0 |   0.0 |   0.0 |   0.0 | 279.6
       Dungeon | 100.0 | 100.0 |   0.0 |   0.0 |   0.0 | 279.6
               +-------+-------+-------+-------+-------+----------------------

Table legend:
 A = Kills in this place as a percentage of kills in entire the game.
 B = Kills by you in this place as a percentage of kills by you in the entire game.
 C = Kills by friends in this place as a percentage of kills by friends in the entire game.
 D = Other kills in this place as a percentage of other kills in the entire game.
 E = Experience gained in this place as a percentage of experience gained in the entire game.
 F = Experience gained in this place divided by the number of levels of this place that you have seen.
                   A       B       C       D       E      F
               +-------+-------+-------+-------+-------+----------------------
         Total | 100.0 | 100.0 | 100.0 |   N/A | 100.0 | 395.9
       Dungeon | 100.0 | 100.0 | 100.0 |   N/A | 100.0 | 395.9
               +-------+-------+-------+-------+-------+----------------------

Vault maps used:
D:1:      kennysheep_arrival_forest, nrook_mini_backslash
D:2:      uniq_natasha, uniq_jessica
D:3:      corexii_shack_village, nicolae_overflow_crystal_walls, first_ration,
          chequers_ecumenical_altar_lobes, uniq_robin, uniq_terence
D:4:      minmay_temple_entry_trees, uniq_grinder
D:5:      nicolae_overflow_hidden_temple, old_standard_altar, marbit_many_paths,
          chequers_temple_overflow_statue_of_worship, lemuel_round_altar,
          tgw_kikubaaqudgha
D:6:      fiery_altar_vehumet
D:7:      gammafunk_temple_overflow_arena, grunt_gozag_breadcrumbs
D:8:      lemuel_crystal_altar, xom_confusion_cloud
